 Dungeon Crawl Stone Soup version 0.31-a0-233-g139696dc86 (webtiles) character file.

Game seed: 10476714448839970223

716 qw the Skirmisher (level 7, -5/59 HPs)
             Began as a Minotaur Hexslinger on July 8, 2023.
             Slain by a howler monkey (6 damage)
             ... on level 5 of the Dungeon.
             The game lasted 00:01:08 (3211 turns).

qw the Skirmisher (Minotaur Hexslinger)             Turns: 3211, Time: 00:01:09

Health: -5/59      AC:  3    Str: 12    XL:     7   Next: 41%
Magic:  7/7        EV: 12    Int: 10    God:
Gold:   111        SH:  0    Dex: 15    Spells: 7/8 levels left

rFire   + . .        Y - +2 sling
rCold   + . .        (no shield)
rNeg    . . .        c - +0 leather armour {Will+}
rPois   .            (helmet restricted)
rElec   .            g - scarf {rC+ rF+}
rCorr   .            (no gloves)
SInv    .            (no boots)
Will    +....        (no amulet)
Stlth   +            (no ring)
HPRegen 0.29/turn    (no ring)
MPRegen 0.10/turn

%: no passive effects
@: no status effects
A: horns 2, retaliatory headbutt
a: no special abilities


You were on level 5 of the Dungeon.
You visited 1 branch of the dungeon, and saw 5 of its levels.

You collected 111 gold pieces.


Innate Abilities, Weirdness & Mutations

You have a pair of horns on your head.
You reflexively headbutt those who attack you in melee.


   Skills:
 + Level 4.0 Fighting
 - Level 8.5 Ranged Weapons
 - Level 2.1 Dodging
 - Level 1.0 Spellcasting
 - Level 2.0 Hexes


You had 7 spell levels left.
You knew the following spells:

 Your Spells              Type           Power      Damage    Failure   Level
a - Slow                  Hex            16%        N/A       19%         1

Your spell library contained the following spells:

 Spells                   Type           Power      Damage    Failure   Level
 Inner Flame              Hex/Fire       2%         N/A       65%         3
 Portal Projectile        Hex/Tloc       4%         N/A       65%         3
 Cause Fear               Hex            2%         N/A       88%         4

Inventory:

Hand Weapons
 Y - a +2 sling (weapon)
Armour
 c - a +0 leather armour of willpower (worn)
 g - a scarf of resistance (worn)
 m - a +2 robe of positive energy
Scrolls
 d - a scroll of identify
 h - a scroll of acquirement {unknown}
Potions
 a - a potion of enlightenment {unknown}
 b - a potion of berserk rage {unknown}
 e - a potion of brilliance {unknown}
 f - 4 potions of curing
 i - a potion of might

Dungeon Overview and Level Annotations

Branches:
Dungeon (5/15)
 Temple: D:4-7

Altars:
Hepliaklqana


Message History

The steam dragon claws you but does no damage.
You shoot a sling bullet. The sling bullet hits the steam dragon!
You kill the steam dragon!
The iguana is engulfed in a cloud of scalding steam.
The iguana bites you. The sleepcap releases spores at you.
Your Ranged Weapons skill increases to level 8!
You shoot a sling bullet.
The sling bullet hits the iguana but does no damage.
The iguana is severely wounded.
The howler monkey hoots and howls with incredible vigour!
The iguana is engulfed in a cloud of scalding steam.
The iguana dies!
The sleepcap releases spores at you.
You are engulfed in a cloud of soporific spores!
You are unaffected.
You shoot a sling bullet. The sling bullet hits the sleepcap.
The sleepcap is moderately damaged.
The sleepcap releases spores at you.
You shoot a sling bullet. The sling bullet hits the sleepcap.
The sleepcap is heavily damaged.
The sleepcap barely misses you. You furiously retaliate!
You headbutt the sleepcap. You shoot a sling bullet.
The sling bullet hits the sleepcap.
The sleepcap is severely damaged.
The sleepcap closely misses you.
You shoot a sling bullet. The sling bullet hits the sleepcap.
The sleepcap is severely damaged.
The sleepcap releases spores at you.
You are engulfed in a cloud of soporific spores!
You fall asleep.
The howler monkey hits you!!
You wake up.
The sleepcap closely misses you.
The howler monkey hoots and howls with incredible vigour!
You hear a shout! x3
You shoot a sling bullet. The sling bullet hits the sleepcap!
The sleepcap is almost destroyed.
The sleepcap closely misses you. You furiously retaliate!
You headbutt the sleepcap.
You destroy the sleepcap!
The howler monkey hits you.
You die...

#...#.##.##..#
......#...#..#
#...#........#
##...#....#..#
...#...#.##..#
#...#......#
...#...##.#.#
.....#...#..>#..#
...#.....@......#
#. #.#..%#h....##
...##.##....##
.#. .... ....# .
#...... ....#
....... ....#
...... ##.## ....
.#


You could see a howler monkey (catching breath).

Vanquished Creatures
  Sigmund (D:2)
  A steam dragon (D:5)
  Menkaure (D:4)
  A scorpion (D:4)
  A hound (D:4)
  A sleepcap (D:5)
  Terence (D:2)
  An iguana (D:4)
  5 adders
  4 gnolls (D:4)
  A worm (D:2)
  A dart slug (D:1)
  9 orcs
  A ball python (D:1)
  3 endoplasms
  10 goblins
  7 hobgoblins
  8 jackals (D:4)
  6 kobolds
  A quokka (D:1)
  4 bats
  3 frilled lizards
  8 rats
79 creatures vanquished.

Vanquished Creatures (others)
  An iguana (D:5)
1 creature vanquished.

Grand Total: 80 creatures vanquished

Notes
Turn   | Place    | Note
-------+----------+-------------------------------------------
     0 | D:1      | qw the Minotaur Hexslinger began the quest for the Orb.
     0 | D:1      | Reached XP level 1. HP: 16/16 MP: 1/1
     0 | D:1      | 0 ||| qw: Version: 0.3-a-46-gb1f654a
     0 | D:1      | 0 ||| qw: Game counter: 3643
     0 | D:1      | 0 ||| qw: Melee chars always use a shield: true
     0 | D:1      | 0 ||| qw: God list: Okawaru
     0 | D:1      | 0 ||| qw: Allow faded altars: false
     0 | D:1      | 0 ||| qw: Do Orc after clearing Dungeon:15 true
     0 | D:1      | 0 ||| qw: Do second Lair branch before Depths: true
     0 | D:1      | 0 ||| qw: Lair rune preference: random
     0 | D:1      | 0 ||| qw: Goals: Normal
     0 | D:1      | 0 ||| PLANNING D:1-11
   198 | D:1      | Reached skill level 3 in Ranged Weapons
   206 | D:1      | Reached XP level 2. HP: 23/23 MP: 2/2
   631 | D:1      | 631 ||| UPGRADING to scarf of resistance.
   636 | D:1      | 636 ||| UPGRADING to +0 leather armour.
   646 | D:1      | 646 ||| DROPPING +0 robe.
   647 | D:1      | 647 ||| READING scroll labelled BONIUSOANE.
   648 | D:1      | 648 ||| DRINKING 2 white potions.
   649 | D:1      | 649 ||| DROPPING scroll of poison.
   808 | D:2      | Reached XP level 3. HP: 28/28 MP: 3/3
  1000 | D:2      | Noticed Terence
  1006 | D:2      | Killed Terence
  1007 | D:2      | Reached skill level 4 in Ranged Weapons
  1107 | D:2      | Reached XP level 4. HP: 36/36 MP: 4/4
  1250 | D:2      | Noticed Sigmund
  1258 | D:2      | Killed Sigmund
  1259 | D:2      | Reached skill level 6 in Ranged Weapons
  1259 | D:2      | Reached XP level 5. HP: 35/41 MP: 5/5
  1338 | D:2      | 1338 ||| UPGRADING to +0 ring mail.
  1348 | D:2      | 1348 ||| DROPPING +0 leather armour.
  1349 | D:2      | 1349 ||| UPGRADING to +2 robe of positive energy.
  1359 | D:2      | 1359 ||| DROPPING +0 ring mail.
  1360 | D:2      | 1360 ||| READING 2 scrolls labelled DISTIR WEIRI.
  1361 | D:2      | 1361 ||| READING scroll labelled RUCWISTR USKA.
  1362 | D:2      | 1362 ||| READING scroll labelled WIGIMN ZEDUCWE.
  1427 | D:2      | 1427 ||| READING scroll labelled XOIBBI FUPI.
  1428 | D:2      | 1428 ||| READING scroll labelled FAMUUFF EZ QEN.
  1429 | D:2      | 1429 ||| DROPPING scroll of fog.
  1693 | D:3      | 1693 ||| FLEEEEING.
  1708 | D:3      | Reached XP level 6. HP: 32/50 MP: 6/6
  2145 | D:3      | 2145 ||| UPGRADING to +0 leather armour of willpower.
  2155 | D:3      | 2155 ||| READING scroll labelled YQUZXO YHEH YSCH.
  2156 | D:3      | 2156 ||| DRINKING 2 bubbling coppery potions.
  2157 | D:3      | 2157 ||| DRINKING 2 lumpy cyan potions.
  2158 | D:3      | 2158 ||| DROPPING potion of attraction.
  2218 | D:4      | Reached skill level 3 in Fighting
  2291 | D:4      | 2291 ||| FLEEEEING.
  2570 | D:4      | Found a hazy altar of Hepliaklqana.
  2591 | D:4      | HP: 12/52 [gnoll/+0 spear (6)]
  2593 | D:4      | HP: 4/52 [gnoll/+0 spear (4)]
  2899 | D:4      | Reached skill level 7 in Ranged Weapons
  2905 | D:4      | HP: 13/52 [poisoned by a scorpion]
  2910 | D:4      | HP: 9/52 [poisoned by a scorpion]
  3137 | D:4      | Noticed Menkaure
  3144 | D:4      | Killed Menkaure
  3145 | D:4      | Reached XP level 7. HP: 59/59 MP: 7/7
  3184 | D:4      | You fall into a shaft and drop 1 floor!
  3184 | D:5      | Entered Level 5 of the Dungeon
  3194 | D:5      | Noticed a steam dragon
  3204 | D:5      | Killed a steam dragon
  3205 | D:5      | Reached skill level 8 in Ranged Weapons
  3210 | D:5      | HP: 1/59 [howler monkey (18)]
  3211 | D:5      | Slain by a howler monkey

Levels and vault maps discovered:
D:1:      lemuel_arrival_lava_pool, layout_loops_ring
D:2:      layout_basic, uniq_sigmund, uniq_terence
D:3:      layout_loops_ring, nrook_loot_triangle, minmay_misc_feat_rugged
D:4:      layout_rooms, mainiacjoe_overflow_concentric_impassable,
          ebering_ghost_disaster_area, nicolae_hexahallways, grunt_ministairs_7,
          uniq_menkaure
D:5:      layout_basic, hangedman_decor_clover_reticule, item_on_display_a

Skill      XL: |  1  2  3  4  5  6  7 |
---------------+----------------------+-----
Ranged Weapons | 3 4 6 7 8 |  8.5
Fighting       | 2 4 |  4.0
Dodging        | |  2.1
Spellcasting   | |  1.0
Hexes          | |  2.0

Action                     |  1- 3 |  4- 6 |  7- 9 || total
---------------------------+-------+-------+-------++-------
   Fire: Sling             |    87 |   164 |    17 ||   268
    Use: Scroll            |     1 |     6 |       ||     7
         Potion            |     1 |     2 |       ||     3
 Armour: Leather armour    |     8 |    13 |     4 ||    25
         Robe              |     1 |     3 |       ||     4
  Dodge: Dodged            |    21 |    61 |    14 ||    96

Table legend:
 A = Non-vault XP
 B = Vault XP
 C = Vault XP percentage of total XP
 D = Non-vault monster count
 E = Vault monster count
 F = Vault count percentage of total count
                 A         B        C        D         E       F
            +---------+---------+-------+---------+---------+-------
      Total |     621 |     436 |  41.2 |      76 |       3 |   3.8
            +---------+---------+-------+---------+---------+-------
        D:1 |      30 |       0 |   0.0 |      17 |       0 |   0.0
        D:2 |      40 |     279 |  87.5 |      16 |       2 |  11.1
        D:3 |      64 |       0 |   0.0 |      19 |       0 |   0.0
        D:4 |     267 |     157 |  37.0 |      22 |       1 |   4.3
        D:5 |     220 |       0 |   0.0 |       2 |       0 |   0.0
            +---------+---------+-------+---------+---------+-------
